 Dungeon Crawl Stone Soup version 0.31-a0-117-g42d8f58691 (webtiles) character file.

Game seed: 14167116444156784067

2578 Pooter the Cleaver (level 9, -8/120 HPs)
             Began as a Minotaur Berserker on May 30, 2023.
             Was a Priest of Trog.
             Mangled by an orc warrior
             ... wielding a +0 halberd
              (14 damage)
             ... in a bailey on May 31, 2023.
             The game lasted 00:31:26 (7669 turns).

Pooter the Cleaver (Minotaur Berserker)             Turns: 7669, Time: 00:31:26

Health: -8/120     AC: 15    Str: 26    XL:     9   Next: 32%
Magic:  8/8        EV:  9    Int:  4    God:    Trog [***...]
Gold:   307        SH:  0    Dex: 14    Spells: 8/8 levels left

rFire   + . .        a - +1 hand axe (heavy)
rCold   . . .        (no shield)
rNeg    . . .        d - +7 chain mail "Noifisap" {Harm Regen+ Dex-2 Stlth+}
rPois   .            (helmet restricted)
rElec   .            (no cloak)
rCorr   .            (no gloves)
SInv    .            (no boots)
Will    .....        (no amulet) Stlth
                     F - ring of protection from fire
HPRegen 1.20/turn    s - +6 ring of dexterity
MPRegen 0.11/turn

%: harm (+30% outgoing, +20% incoming)
@: berserking, very quick
A: horns 2, retaliatory headbutt
a: Renounce Religion, Berserk, Trog's Hand


You were in a bailey.
You worshipped Trog.
Trog was most pleased with you.
You visited 1 branch of the dungeon, and saw 7 of its levels.
You also visited: Sewer and Bailey.

You collected 401 gold pieces.
You spent 94 gold pieces at shops.

Inventory:

Hand Weapons
 a - a +1 heavy hand axe (weapon)
   (You took it off an orc on level 7 of the Dungeon)
 b - a +3 arbalest
   (You took it off an orc in a bailey)
 C - a +0 war axe of chaos
   (You bought it in a shop on level 5 of the Dungeon)
Missiles
 e - 6 curare-tipped darts
 h - 3 silver javelins
 j - 11 poisoned darts
 m - 13 boomerangs (quivered)
 Q - 82 stones
Armour
 d - the +7 chain mail "Noifisap" (worn) {Harm Regen+ Dex-2 Stlth+}
   (You found it on level 4 of the Dungeon)

   Dex:       It affects your dexterity (-2).
   Regen:     It increases your rate of health regeneration.
   Harm:      It increases damage dealt and taken.
   Stlth:     It makes you more stealthy.
 k - a +1 pair of gloves
   (You found it on level 3 of the Dungeon)
Jewellery
 s - a +6 ring of dexterity (right hand)
   (You found it on level 4 of the Dungeon)
 F - a ring of protection from fire (left hand)
   (You found it in a sewer)
 N - a ring of positive energy
   (You found it on level 1 of the Dungeon)
Wands
 f - a wand of flame (22)
   (You found it on level 5 of the Dungeon)
 B - a wand of quicksilver (9)
   (You found it on level 7 of the Dungeon)
Scrolls
 l - a scroll of butterflies
 o - a scroll of fog
 q - 3 scrolls of enchant armour
 t - a scroll of teleportation {@r4}
 u - a scroll of noise {unknown}
 x - a scroll of vulnerability {unknown}
 z - a scroll of immolation {!r}
 A - a scroll of enchant weapon {unknown}
Potions
 c - 3 potions of attraction {!q}
 g - 2 potions of magic {unknown}
 n - 4 potions of lignification {!q}
 p - a potion of heal wounds {unknown}
 r - 2 potions of degeneration {unknown}
 w - a potion of haste {unknown}


   Skills:
 + Level 7.7 Fighting
 * Level 10.3 Axes
 * Level 8.6 Ranged Weapons
 - Level 2.4 Armour
 - Level 2.1 Dodging
 - Level 0.6 Stealth


You had 8 spell levels left.
You didn't know any spells.
Your spell library was empty.

Dungeon Overview and Level Annotations

Branches:
Dungeon (7/15)             Temple (0/1) D:7           Sewer (visited)
 Bailey (1/1)

Altars:
Kikubaaqudgha
Okawaru
Ru
Sif Muna
Trog
Zin

Shops:
D:5 [(


Innate Abilities, Weirdness & Mutations

You have a pair of horns on your head.
You reflexively headbutt those who attack you in melee.


Message History

You start resting.
You feel a strong urge to attack something.
You start resting.
You feel your anger nearly subside.
You are no longer berserk.
You are exhausted.
You feel yourself slow down.
You start resting.
You start waiting.
You feel yourself speed up.
You start waiting.
You recover from your berserk rage.
There is an open door here.
b - a +3 arbalest (weapon)
You start waiting.
Done waiting.
You open the gate.
Found a runed dagger.
Found two gates leading back out of this place.
There is an open gate here.
You see here a +2 dagger of draining.
Okay, then.
You open the door.
An orc knight and 2 orc warriors come into view.
The orc warrior shouts!
The orc knight shouts!
The orc warrior hits you from afar with a +0 halberd!
The orc knight roars a battlecry!
The orc warriors go into a battle-frenzy!
Found a scroll of acquirement and a book of Decay.
Press: ? - help, Shift-Dir - straight line, f - orc knight
Aim: an orc knight, wielding a +0 halberd and wearing a +0 scale mail (64% to hit)
The bolt of dispelling energy hits the orc knight!
The orc warrior hits you from afar with a +0 halberd!
The orc warrior closely misses you.
a - a +1 heavy hand axe (weapon)
The orc warrior hits you from afar with a +0 halberd!
* * * LOW HITPOINT WARNING * * *
The orc knight hits you from afar with a +0 halberd.
* * * LOW HITPOINT WARNING * * *
The orc warrior hits you from afar with a +0 halberd!!
* * * LOW HITPOINT WARNING * * *
A red film seems to cover your vision as you go berserk!
You feel yourself moving faster!
You feel mighty! The orc warrior closely misses you.
The orc knight hits you but does no damage.
The orc warrior hits you from afar with a +0 halberd!
* * * LOW HITPOINT WARNING * * *
You feel a strong urge to attack something.
There is a gate leading back out of this place here.
The orc warrior hits you from afar with a +0 halberd!
You die...

...≈≈###≈≈...............≈≈### .
...≈##.##≈...............≈##.##≈.
...≈#..)))....................#≈.
...≈##.∩#≈...............≈#∩.##≈.
...≈≈#.##≈....#######....≈##)#≈≈.
....≈≈.≈≈≈...##....##....≈≈≈)≈≈..
............##.....##............
...........##..#'''##............
...........#..##@)∩##..##........
..........##.####'####.##........
..........##.')#ooo#)'.##........
..........##.###.8.###.##........
..........##.'.#:.?#)'.##........
..........##.#########.##........
...........#..##)#)##..#.........
...........##..#'#'#..##.....[...
............##.......##......)...


You could see 2 orc warriors.

Vanquished Creatures
  Pikel (D:5)
  Grinder (D:4)
  Menkaure (D:4)
  2 water moccasins
  6 orc warriors
  A sky beast (D:7)
  2 lemures (D:5)
  2 phantoms
  A kobold brigand (D:7)
  A bullfrog (D:6)
  3 scorpions
  3 hounds
  A jelly (D:6)
  3 sleepcaps
  2 iguanas
  An orc wizard (D:4)
  4 gnolls
  8 adders
  A river rat (D:6)
  A shadow imp (D:6)
  3 white imps (D:6)
  An ufetubus (D:4)
  A worm (D:3)
  A dart slug (D:2)
  29 orcs
  7 ball pythons
  8 bats
  5 endoplasms
  5 giant cockroaches
  13 goblins
  7 hobgoblins
  12 kobolds
  8 quokkas
  5 frilled lizards
  7 rats
157 creatures vanquished.

Notes
Turn   | Place    | Note
-------+----------+-------------------------------------------
     0 | D:1      | Pooter the Minotaur Berserker began the quest for the Orb.
     0 | D:1      | Reached XP level 1. HP: 19/19 MP: 0/0
   258 | D:1      | Reached XP level 2. HP: 27/27 MP: 1/1
   283 | D:1      | Reached skill level 4 in Axes
   532 | D:1      | Reached skill level 1 in Ranged Weapons
   678 | D:1      | Reached ** piety under Trog
  1021 | D:2      | Reached XP level 3. HP: 33/33 MP: 2/2
  1456 | D:2      | Reached XP level 4. HP: 32/40 MP: 3/3
  1701 | D:3      | Reached skill level 5 in Axes
  2764 | D:4      | Identified the +7 chain mail "Noifisap" {Harm Regen+ Dex-2
                  | Stlth+}
  2803 | D:4      | Found a glowing silver altar of Zin.
  2905 | D:4      | Noticed a scorpion
  2910 | D:4      | Killed a scorpion
  2911 | D:4      | Reached XP level 5. HP: 47/47 MP: 4/4
  2968 | D:4      | Noticed Menkaure
  2975 | D:4      | Killed Menkaure
  2976 | D:4      | Reached skill level 6 in Axes
  2976 | D:4      | Reached XP level 6. HP: 55/55 MP: 5/5
  3257 | D:4      | Noticed Grinder
  3257 | D:4      | Paralysed by Grinder for 2 turns
  3268 | D:4      | Killed Grinder
  3269 | D:4      | Reached skill level 5 in Fighting
  3349 | D:4      | Reached XP level 7. HP: 61/61 MP: 6/6
  3800 | D:4      | Found an iron altar of Okawaru.
  4112 | D:5      | Entered Level 5 of the Dungeon
  4121 | D:5      | Found a bloodstained altar of Trog.
  4152 | D:5      | Reached skill level 7 in Axes
  4152 | D:5      | Reached skill level 5 in Ranged Weapons
  4170 | D:5      | Found Kunlodat's Armour Shop.
  4275 | D:5      | Found Veohiw's Antique Weapon Emporium.
  4285 | D:5      | Bought a war axe for 94 gold pieces
  4367 | D:5      | Noticed Pikel
  4377 | D:5      | Killed Pikel
  4378 | D:5      | Reached skill level 8 in Axes
  4378 | D:5      | Reached XP level 8. HP: 70/70 MP: 7/7
  4839 | D:5      | Found a sacrificial altar of Ru.
  4886 | D:5      | Found an ancient bone altar of Kikubaaqudgha.
  4886 | D:5      | Found a shimmering blue altar of Sif Muna.
  5154 | D:6      | Found a glowing drain.
  5159 | Sewer    | Entered a sewer
  5169 | Sewer    | Reached *** piety under Trog
  5864 | D:6      | Reached skill level 9 in Axes
  6264 | D:7      | Found a staircase to the Ecumenical Temple.
  6389 | D:7      | Reached XP level 9. HP: 79/79 MP: 8/8
  6452 | D:7      | Found a flagged portal.
  6485 | Bailey   | Entered a bailey
  7387 | Bailey   | Reached skill level 10 in Axes
  7664 | Bailey   | Noticed an orc knight
  7667 | Bailey   | HP: 5/120 [orc warrior/+0 halberd (9)]
  7669 | Bailey   | Mangled by an orc warrior

Illustrated notes

Levels and vault maps discovered:
D:1:      mushboom_english_gardens, layout_basic, nicolae_hexahallways,
          nrook_mini_vaults
D:2:      layout_loops_ring
D:3:      layout_basic
D:4:      layout_basic, old_standard_altar, okawaru_altar_gauntlet_db,
          uniq_grinder, uniq_menkaure
D:5:      layout_loops_corners, gammafunk_temple_overflow_pools,
          mainiacjoe_overflow_tiny_flanked, marbit_many_paths, serial_shops,
          shop, nicolae_take_the_stairs, minivault_4, uniq_pikel
D:6:      layout_layer_cave, gup_sewer_entry_spiral
D:7:      layout_basic, minmay_temple_entry_large_hall, enter_bailey_5,
          ebering_ghost_inner_flame
Bailey:   bailey_polearm_2, bailey

Skill      XL: |  1  2  3  4  5  6  7  8  9 |
---------------+----------------------------+-----
Axes           | 4 5 6 8 9 10 | 10.3
Ranged Weapons | 1 2 3 4 6 7 8 |  8.6
Fighting       | 4 5 6 7 |  7.7
Armour         | |  2.4
Dodging        | |  2.1
Stealth        | |  0.6

Action                     |  1- 3 |  4- 6 |  7- 9 || total
---------------------------+-------+-------+-------++-------
  Melee: Hand axe          |    54 |    18 |    52 ||   124
         Punch             |     1 |       |       ||     1
         Headbutt          |     3 |    13 |    26 ||    42
         Flail             |       |    44 |       ||    44
         War axe           |       |       |    82 ||    82
   Fire: Sling             |    58 |     7 |    32 ||    97
         Arbalest          |       |       |    39 ||    39
  Throw: Boomerang         |       |     2 |    20 ||    22
 Invoke: Berserk           |       |     4 |     4 ||     8
         Trog's Hand       |       |     2 |     5 ||     7
  Evoke: Wand              |       |       |     1 ||     1
    Use: Scroll            |     2 |     4 |     6 ||    12
   Stab: Sleeping          |     1 |       |       ||     1
 Armour: Ring mail         |    22 |     4 |       ||    26
         Chain mail        |       |     9 |    66 ||    75
  Dodge: Dodged            |    39 |    34 |    98 ||   171
  Block: Buckler           |       |     1 |    19 ||    20

Table legend: (Time is in decaauts)
 A = Elapsed time spent in this place.
 B = Non-inter-level travel time spent in this place.
 C = Inter-level travel time spent in this place.
 D = Time resting spent in this place.
 E = Time spent auto-exploring this place.
 F = Levels seen in this place.
 G = Mean time per level.
                   A        B        C        D        E       F      G
               +--------+--------+--------+--------+--------+-----+--------+
         Total |   7862 |   7535 |    327 |    875 |   4569 |   9 |  873.6 |
       Dungeon |   6557 |   6230 |    327 |    634 |   4449 |   7 |  936.7 |
         Sewer |     83 |     83 |      0 |      0 |     44 |   1 |   83.0 |
        Bailey |   1221 |   1221 |      0 |    240 |     76 |   1 | 1221.0 |
               +--------+--------+--------+--------+--------+-----+--------+

Top non-repeatable levels by time:
     D:4: 1452 daAuts
  Bailey: 1221 daAuts
     D:6: 1129 daAuts
     D:3: 1031 daAuts
     D:5: 990 daAuts
     D:1: 987 daAuts
     D:2: 721 daAuts
     D:7: 244 daAuts
   Sewer: 83 daAuts
